 Dungeon Crawl Stone Soup version 0.30-a0-930-gb9d0489357 (webtiles) character file.

Game seed: 6389716418682149178

3317 funkygono the Cleaver (level 9, -2/79 HPs)
             Began as a Minotaur Fighter on Mar 23, 2023.
             Slain by a slime creature (8 damage)
             ... on level 8 of the Dungeon.
             The game lasted 00:07:37 (6403 turns).

funkygono the Cleaver (Minotaur Fighter)            Turns: 6403, Time: 00:07:38

Health: -2/79      AC: 15    Str: 25    XL:     9   Next: 71%
Magic:  8/8        EV:  7    Int:  5    God:
Gold:   264        SH: 10    Dex: 10    Spells: 8/8 levels left

rFire   . . .      SeeInvis .    l - +2 war axe (elec)
rCold   . . .      Faith    .    c - +0 buckler
rNeg    . . .      Spirit   .    H - +0 plate armour
rPois   .          Reflect  +    (helmet restricted)
rElec   .          Rampage  .    (no cloak)
rCorr   .                        (no gloves)
Will    .....                    G - +0 pair of boots Stlth
                                 i - amulet of reflection
HPRegen 0.33/turn                q - ring of wizardry
MPRegen 0.11/turn                (no ring)

@: no status effects
A: horns 2, retaliatory headbutt
a: no special abilities


You were on level 8 of the Dungeon.
You visited 2 branches of the dungeon, and saw 9 of its levels.

You collected 264 gold pieces.

Inventory:

Hand Weapons
 a - a +0 war axe
 l - a +2 war axe of electrocution (weapon)
Missiles
 e - 6 boomerangs (quivered)
 A - 15 poisoned darts
 B - 6 datura-tipped darts
Armour
 c - a +0 buckler (worn)
 t - a +0 chain mail
 y - the +0 chain mail of the Comet {Dex+2}
   (You found it on level 3 of the Dungeon)

   Dex:       It affects your dexterity (+2).
 G - a +0 pair of boots (worn)
 H - a +0 plate armour (worn)
Jewellery
 h - a +6 ring of strength
 i - an amulet of reflection (around neck)
 m - a ring of resist corrosion
 q - a ring of wizardry (left hand)
Wands
 n - a wand of digging (7)
Scrolls
 b - a scroll of identify
 o - a scroll of amnesia
 r - 2 scrolls of blinking
Potions
 d - 5 potions of might
 f - a potion of berserk rage {unknown}
 g - a potion of degeneration {unknown}
 j - 2 potions of mutation {unknown}
 k - 2 potions of invisibility
 p - a potion of magic {unknown}
 s - 2 potions of haste {unknown}
 u - a potion of curing {unknown}
 v - a potion of resistance {unknown}
 w - a potion of ambrosia {unknown}
 x - 6 potions of heal wounds
 z - 2 potions of brilliance {unknown}
 D - a potion of lignification {unknown}


   Skills:
 + Level 7.5 Fighting
 + Level 10.7 Axes
 + Level 8.8 Armour
 + Level 2.4 Dodging
 + Level 0.2 Stealth
 + Level 7.8 Shields


You had 8 spell levels left.
You didn't know any spells.
Your spell library contained the following spells:

 Spells                   Type           Power      Damage    Failure   Level
 Apportation              Tloc           0%         N/A       95%         1
 Necrotise                Necr           0%         1d4       95%         1
 Sting                    Tmut/Pois      0%         1d3       95%         1
 Summon Small Mammal      Summ           0%         N/A       95%         1
 Poisonous Vapours        Pois/Air       0%         N/A       98%         2
 Vampiric Draining        Necr           0%         2d6       100%        3
 Olgreb's Toxic Radiance  Pois           0%         N/A       100%        4
 Agony                    Necr           0%         N/A       100%        5


Dungeon Overview and Level Annotations

Branches:
Dungeon (8/15)             Temple (1/1) D:6
   Lair: D:8-11

Altars:
Cheibriados
Dithmenos
Elyvilon
Fedhas
Gozag
Hepliaklqana
Kikubaaqudgha
Makhleb
Nemelex Xobeh
Qazlal
Ru
Sif Muna
Trog
Uskayaw
Vehumet
Wu Jian
Xom
Yredelemnul
Zin
The Shining One


Innate Abilities, Weirdness & Mutations

You have a pair of horns on your head.
You reflexively headbutt those who attack you in melee.


Message History

Lightning courses through the slime creature!
You hit the slime creature.
The slime creature hits you but does no damage.
The slime creature hits you!
* * * LOW HITPOINT WARNING * * *
You slash the slime creature!
You kill the slime creature!
You hit the slime creature. The slime creature closely misses you.
You slash the slime creature!
Lightning courses through the slime creature!!
You headbutt the slime creature.
The slime creature is severely wounded.
You hit the slime creature. The slime creature barely misses you.
The slime creature hits you but does no damage.
You barely miss the slime creature.
The slime creature is heavily wounded.
You slash the slime creature! You block the slime creature's attack.
The slime creature hits you.
* * * LOW HITPOINT WARNING * * *
You slash the slime creature!
The slime creature is severely wounded.
You completely miss the slime creature.
The slime creature hits you but does no damage.
The slime creature hits you!
* * * LOW HITPOINT WARNING * * *
You hit the slime creature.
You headbutt the slime creature, but do no damage.
The slime creature is severely wounded.
You hit the slime creature. You block the slime creature's attack.
The slime creature hits you but does no damage.
You hit the slime creature.
Your headbutt misses the slime creature.
The slime creature is severely wounded.
You slash the slime creature!
You kill the slime creature!
The slime creature hits you but does no damage.
You slash the slime creature!
The slime creature is almost dead.
The slime creature hits you!
You die...

#...........##.[
#...........##..
#...........##.#
#..........##)#
#............).
#####+####.)))).........
.........)###)#####.....
+#........# #.# #....#
.......@..# #.# #....#
......J...# #.# #....#
..........# #.# #....#
..........# #.# ######
..[.......# #.#
........... ...
...............
...............
......##....


You could see a slime creature.

Vanquished Creatures
  Pikel (D:7)
  Grinder (D:6)
  5 slime creatures (D:8)
  A water moccasin (D:6)
  Duvessa (D:5)
  A sky beast (D:6)
  An orc warrior (D:8)
  2 ice beasts (D:6)
  A black bear (D:5)
  A centaur (D:7)
  3 lemures (D:7)
  2 kobold brigands (D:8)
  5 scorpions
  Dowan (D:5)
  2 howler monkeys
  3 hounds
  2 jellies (D:6)
  5 orc priests
  A sleepcap (D:6)
  An iguana (D:7)
  An orc wizard (D:5)
  5 adders
  3 shadow imps
  2 white imps
  An ufetubus (D:5)
  2 worms
  A dart slug (D:4)
  12 orcs
  6 ball pythons
  4 bats
  2 endoplasms
  A giant cockroach (D:3)
  7 goblins
  4 hobgoblins
  2 jackals (D:4)
  13 kobolds
  8 quokkas
  4 frilled lizards
  3 rats
121 creatures vanquished.

Vanquished Creatures (others)
  A fungus (D:3)
  3 plants (D:3)
4 creatures vanquished.

Grand Total: 125 creatures vanquished

Notes
Turn   | Place    | Note
-------+----------+-------------------------------------------
     0 | D:1      | funkygono the Minotaur Fighter began the quest for the Orb.
     0 | D:1      | Reached XP level 1. HP: 19/19 MP: 0/0
   322 | D:1      | You fall into a shaft and drop 1 floor!
   404 | D:2      | Reached XP level 2. HP: 23/27 MP: 1/1
  1055 | D:2      | Reached XP level 3. HP: 33/33 MP: 2/2
  1633 | D:3      | Reached skill level 3 in Axes
  1789 | D:3      | Identified the +0 chain mail of the Comet {Dex+2}
  1837 | D:3      | Found a faded altar of an unknown god.
  1989 | D:3      | Reached XP level 4. HP: 23/40 MP: 3/3
  2472 | D:4      | Reached skill level 1 in Dodging
  2472 | D:4      | Reached XP level 5. HP: 9/46 MP: 4/4
  2637 | D:4      | Reached skill level 4 in Axes
  2985 | D:4      | Reached skill level 5 in Shields
  3019 | D:4      | Reached XP level 6. HP: 52/53 MP: 5/5
  3098 | D:4      | Reached skill level 5 in Axes
  3426 | D:5      | Entered Level 5 of the Dungeon
  3430 | D:5      | Reached skill level 5 in Fighting
  3431 | D:5      | Reached skill level 5 in Armour
  3432 | D:5      | Noticed Duvessa
  3436 | D:5      | Noticed Dowan
  3445 | D:5      | Killed Duvessa
  3446 | D:5      | Reached XP level 7. HP: 44/61 MP: 6/6
  3447 | D:5      | Killed Dowan
  3448 | D:5      | Reached skill level 6 in Axes
  4016 | D:6      | Reached skill level 7 in Axes
  4212 | D:6      | Noticed Grinder
  4213 | D:6      | Paralysed by Grinder for 2 turns
  4235 | D:6      | Reached XP level 8. HP: 57/70 MP: 7/7
  4238 | D:6      | Killed Grinder
  4332 | D:6      | Found a staircase to the Ecumenical Temple.
  4349 | Temple   | Entered the Ecumenical Temple
  4847 | D:6      | Reached skill level 8 in Axes
  5607 | D:7      | Noticed Pikel
  5619 | D:7      | Killed Pikel
  5620 | D:7      | Reached skill level 9 in Axes
  5620 | D:7      | Reached XP level 9. HP: 60/79 MP: 8/8
  6376 | D:8      | Reached skill level 10 in Axes
  6403 | D:8      | Slain by a slime creature

Illustrated notes

Levels and vault maps discovered:
D:1:      dpeg_arrival_radiant, layout_basic
D:2:      layout_basic, st_stairs_10
D:3:      layout_basic, serial_corexii_hall, corexii_hall_statues_l,
          corexii_hall_statues_l, shapermc_ecumenical_altar_gd
D:4:      layout_basic, solitary_fountain
D:5:      layout_cave_pools, uniq_duvessa
D:6:      layout_rooms, minmay_temple_entry_stoned_glass, uniq_grinder
D:7:      layout_basic, uniq_pikel
D:8:      layout_basic, mainiacjoe_overflow_catwalk_spiral, nicolae_barding_shop
Temple:   mainiacjoe_temple_big_plus

Skill      XL: |  1  2  3  4  5  6  7  8  9 |
---------------+----------------------------+-----
Shields        | 4 5 7 |  7.8
Armour         | 4 5 6 7 8 |  8.8
Fighting       | 4 5 6 7 |  7.5
Axes           | 3 4 5 7 9 10 | 10.7
Dodging        | 1 2 |  2.4
Stealth        | |  0.2

Action                     |  1- 3 |  4- 6 |  7- 9 || total
---------------------------+-------+-------+-------++-------
  Melee: War axe           |    80 |    55 |   153 ||   288
         Headbutt          |     6 |     9 |    28 ||    43
    Use: Scroll            |       |       |    12 ||    12
 Armour: Scale mail        |    11 |       |       ||    11
         Chain mail        |    13 |    18 |    23 ||    54
         Plate armour      |       |       |    45 ||    45
  Dodge: Dodged            |    17 |     9 |    43 ||    69
  Block: Buckler           |    34 |    21 |    70 ||   125
         Reflection        |     1 |       |     6 ||     7

Table legend: (Time is in decaauts)
 A = Elapsed time spent in this place.
 B = Non-inter-level travel time spent in this place.
 C = Inter-level travel time spent in this place.
 D = Time resting spent in this place.
 E = Time spent auto-exploring this place.
 F = Levels seen in this place.
 G = Mean time per level.
                   A        B        C        D        E       F      G
               +--------+--------+--------+--------+--------+-----+--------+
         Total |   6467 |   6243 |    224 |    169 |   5117 |   9 |  718.6 |
       Dungeon |   6051 |   5854 |    197 |    169 |   4735 |   8 |  756.4 |
        Temple |    416 |    390 |     26 |      0 |    382 |   1 |  416.0 |
               +--------+--------+--------+--------+--------+-----+--------+

Top non-repeatable levels by time:
     D:4: 982 daAuts
     D:3: 937 daAuts
     D:1: 922 daAuts
     D:7: 911 daAuts
     D:6: 815 daAuts
     D:2: 629 daAuts
     D:5: 583 daAuts
  Temple: 416 daAuts
     D:8: 270 daAuts
